 Dungeon Crawl Stone Soup version 0.29.1-12-g30fa7ad0bf (webtiles) character file.

Game seed: 3749317691182063579

58 FexLirch the Digger (level 4, -2/33 HPs)
             Began as a Meteoran Earth Elementalist on Jan 3, 2023.
             Slain by Duvessa
             ... wielding a +0 short sword
              (4 damage)
             ... on level 4 of the Dungeon.
             The game lasted 00:02:17 (301 turns).

FexLirch the Digger (Meteoran Earth Elementalist)    Turns: 301, Time: 00:02:18

Health: -2/33      AC:  3    Str:  9    XL:     4   Next: 44%
Magic:  0/10       EV: 12    Int: 19    God:
Gold:   33         SH:  0    Dex: 14    Spells: 4/10 levels left

rFire   . . .      SeeInvis .   (no weapon)
rCold   . . .      Faith    .   (no shield)
rNeg    . . .      Spirit   .   e - +0 leather armour
rPois   .          Reflect  .   (no helmet)
rElec   .          Harm     .   (no cloak)
rCorr   .          Rampage  .   (no gloves)
Will    .....                   (no boots)
Stlth   +.........              (no amulet)
HPRegen 0.11/turn               (no ring)
MPRegen 0.12/turn               (no ring)

@: attractive, flying, glowing
A: sense surroundings 1, otherworldly, glowing, explore regen
a: no special abilities


You were on level 4 of the Dungeon.
You visited 1 branch of the dungeon, and saw 5 of its levels.

You collected 33 gold pieces.

Inventory:

Missiles
 d - 5 boomerangs
Armour
 a - a +0 robe
 e - a +0 leather armour (worn)
Scrolls
 c - a scroll of noise {unknown}
 f - a scroll of identify {unknown}
 g - a scroll of acquirement {unknown}
 i - a scroll of immolation {unknown}


   Skills:
 - Level 2.4 Dodging
 - Level 1.4 Stealth
 + Level 3.7 Spellcasting
 + Level 2.2 Conjurations
 - Level 1.2 Transmutations
 + Level 4.4 Earth Magic


You had 4 spell levels left.
You knew the following spells:

 Your Spells              Type           Power      Damage    Failure   Level
a - Sandblast             Erth           40%        2d10      3%          1
b - Passwall              Tmut/Erth      11%        N/A       10%         2
c - Stone Arrow           Conj/Erth      32%        3d9       16%         3

Your spell library contained the following spells:

 Spells                   Type           Power      Damage    Failure   Level
 Petrify                  Tmut/Erth      14%        N/A       52%         4


Dungeon Overview and Level Annotations

Branches:
Dungeon (5/15) Zot: 2684
 Temple: D:4-7

Altars:
Yredelemnul

Annotations:
D:4 Dowan, Duvessa


Innate Abilities, Weirdness & Mutations

You passively map a small area around you.
You are easily found by Zot.
You glow in the dark.
You regain HP and MP as you explore.


Message History

You have reached level 4!
Okay, then.
Unknown command.
Casting: Sandblast (safe; 3% risk of failure)
Confirm with . or Enter, or press ? or * to list all spells.
Aiming: Stone Arrow (quite dangerous; 16% risk of failure)
Press: ? - help, Shift-Dir - straight line, f - Duvessa
Aim: Duvessa, wielding a +0 short sword and wearing a +0 leather armour (72% to hit)
The stone arrow hits Duvessa!
Duvessa is moderately wounded.
Duvessa hits you with a +0 short sword.
Casting: Stone Arrow (quite dangerous; 16% risk of failure)
Confirm with . or Enter, or press ? or * to list all spells.
Aiming: Stone Arrow (quite dangerous; 16% risk of failure)
Press: ? - help, Shift-Dir - straight line, f/p - Duvessa
Aim: Duvessa, wielding a +0 short sword and wearing a +0 leather armour (moderately wounded, 72% to hit)
The stone arrow hits Duvessa!!
Duvessa is severely wounded.
Dowan, Brother of Duvessa comes into view.
He is wielding a +0 dagger.
Duvessa hits you with a +0 short sword!
* * * LOW HITPOINT WARNING * * *
Casting: Stone Arrow (quite dangerous; 16% risk of failure)
Confirm with . or Enter, or press ? or * to list all spells.
Aiming: Sandblast (safe; 3% risk of failure)
Press: ? - help, Shift-Dir - straight line, f/p - Duvessa
Aim: Duvessa, wielding a +0 short sword and wearing a +0 leather armour (severely wounded, 85% to hit)
The blast of sand hits Duvessa.
Duvessa is almost dead.
Dowan shouts!
Duvessa hits you with a +0 short sword!
* * * LOW HITPOINT WARNING * * *
Unknown command.
Unknown command.
It was a potion of flight.
You feel very buoyant.
You fly up into the air.
Duvessa drinks a potion.
Duvessa is healed!
It was a potion of attraction.
You feel attractive to monsters. Duvessa hits you with a +0 short sword.
You die...

, , * ##........ ... *
#........., * *#.#.##
###......... , #
##......###.#..e..[... *
,
##.....##........$......
.....# #................
, ..†#.# *
#.....e......# ...#.#
#.....@†...... ..##.#
##............# .....#
##.............. ,
.....# ##...............
.....###...##.#........#
.......##.##..##......##
,
...........##.###.......
, .....#.....#...
,....... ....####..#...#
..# * ,


You could see Duvessa and Dowan.

Vanquished Creatures
  A hound (D:4)
  2 dart slugs
  4 orcs
  2 bats (D:1)
  2 endoplasms
  A giant cockroach (D:1)
  2 goblins (D:2)
  2 hobgoblins
  A ball python (D:2)
  A frilled lizard (D:2)
  2 rats
20 creatures vanquished.

Notes
Turn   | Place    | Note
-------+----------+-------------------------------------------
     0 | D:1      | FexLirch the Meteoran Earth Elementalist began the quest
                  | for the Orb.
     0 | D:1      | Reached XP level 1. HP: 14/14 MP: 5/5
    63 | D:1      | Found a faded altar of an unknown god.
   115 | D:1      | Reached XP level 2. HP: 13/20 MP: 1/6
   118 | D:1      | Reached skill level 1 in Conjurations
   132 | D:1      | Learned a level 2 spell: Passwall
   194 | D:2      | Reached skill level 4 in Earth Magic
   206 | D:2      | Reached XP level 3. HP: 20/26 MP: 6/8
   260 | D:4      | Learned a level 3 spell: Stone Arrow
   287 | D:5      | Entered Level 5 of the Dungeon
   287 | D:5      | Found a basalt altar of Yredelemnul.
   292 | D:4      | Noticed Duvessa
   297 | D:4      | Reached XP level 4. HP: 22/33 MP: 7/10
   298 | D:4      | Noticed Dowan
   301 | D:4      | Slain by Duvessa

Illustrated notes

Levels and vault maps discovered:
D:1:      ncdulo_lavacross, layout_loops_ring,
          shapermc_ecumenical_altar_mp_urbaneastern, serial_shops,
          nicolae_shop_competitors_out_of_business, minmay_misc_feat_chi,
          grunt_decor_mini_mirrors, serial_park_tiny_1, minmay_tromino_v7
D:2:      layout_basic, serial_shops, shop, basic_altar
D:3:      layout_rooms, mainiacjoe_overflow_brackets,
          mainiacjoe_overflow_tiny_flanked, lemuel_round_altar,
          mainiacjoe_overflow_small_starburst, gammafunk_ghost_stat_death,
          minmay_joined_circles
D:4:      layout_cave_pools, serial_shops, nicolae_shop_overgrown_old_shop,
          portal_sewer_entry_e, uniq_duvessa, uniq_edmund
D:5:      layout_basic, yredelemnul_altar_generic, tso_metal_star,
          minmay_temple_entry_enclosed_plants, uniq_sigmund

Skill      XL: |  1  2  3 |
---------------+----------+-----
Spellcasting   | 3 |  3.7
Conjurations   | 1 2 |  2.2
Earth Magic    | 4 |  4.4
Dodging        | |  2.4
Stealth        | |  1.4
Transmutations | |  1.2

Action                   |  1- 3 |  4- 6 || total
-------------------------+-------+-------++-------
 Cast: Sandblast         |    27 |     1 ||    28
       Stone Arrow       |     3 |     2 ||     5
  Use: Potion            |     1 |     2 ||     3
Armor: Leather armour    |     4 |       ||     4
Dodge: Dodged            |     4 |       ||     4
